 Dungeon Crawl Stone Soup version 0.25-a0-96-g4073cf80fb (webtiles) character file.

Game seed: 15046805756459453038, levelgen mode: deterministic

69335 D1HalberdGnoll the Fighter (level 14, -1/128 (129) HPs)
             Began as a Red Draconian Earth Elementalist on Nov 11, 2019.
             Was an Elder of Sif Muna.
             Succumbed to a green very ugly thing's poison
             ... on level 14 of the Dungeon on Nov 12, 2019.
             The game lasted 00:59:14 (34144 turns).

D1HalberdGnoll the Fighter (DrEE)                  Turns: 34144, Time: 00:59:15

HP:   -1/128 (129)  AC: 17    Str: 16    XL:     14   Next: 90%
MP:   3/26          EV: 17    Int: 20    God:    Sif Muna [****..]
Gold: 1553          SH:  5    Dex: 11    Spells: 6/30 levels left

rFire    + + .     SeeInvis +   Q - +4 dagger "Ycieh" {pierce, *Corrode rPois Str+2}
rCold    + . .     Gourm    .   A - +0 buckler of the Beginning {rF+ rC+ Dex-2}
rNeg     . . .     Faith    .   (armour unavailable)
rPois    +         Spirit   +   s - +2 hat of Trog's Generosity {+Fly Str+4 SInv}
rElec    .         Reflect  .   d - +0 cloak
rCorr    .         Harm     .   w - +0 pair of gloves
MR       +....                  p - +1 pair of boots
Stlth    ++........             z - amulet of guardian spirit
HPRegen  0.31/turn              N - ring of wizardry
MPRegen  0.20/turn              K - +3 ring of protection

@: lethally poisoned (-1 -> -76), very slightly contaminated
A: breathe fire, unfitting armour, fire resistance 1, cold-blooded, AC +8
a: Breathe Fire, Channel Magic, Forget Spell, Divine Exegesis, Renounce
Religion, Evoke Flight


You were on level 14 of the Dungeon.
You worshipped Sif Muna.
Sif Muna was greatly pleased with you.
You were not hungry.

You visited 3 branches of the dungeon, and saw 22 of its levels.

You collected 1553 gold pieces.

Inventory:

Hand Weapons
 Q - the +4 dagger "Ycieh" (weapon) {pierce, *Corrode rPois Str+2}
   (You found it on level 4 of the Lair of Beasts)

   It inflicts extra damage upon your enemies.
   It affects your strength (+2).
   It protects you from poison.
   It may corrode you when you take damage.
Missiles
 C - a throwing net
 R - 94 stones (quivered)
Armour
 d - a +0 cloak (worn)
 p - a +1 pair of boots (worn)
 s - the +2 hat of Trog's Generosity (worn) {+Fly Str+4 SInv}
   (You acquired it on level 14 of the Dungeon)

   It affects your strength (+4).
   It lets you see invisible.
   It lets you fly.
 w - a +0 pair of gloves (worn)
 A - the +0 buckler of the Beginning (worn) {rF+ rC+ Dex-2}
   (You found it on level 5 of the Dungeon)

   It affects your dexterity (-2).
   It protects you from fire.
   It protects you from cold.
Jewellery
 b - an uncursed ring of positive energy
 z - an amulet of guardian spirit (around neck)
 B - an uncursed ring of protection from cold
 K - a +3 ring of protection (right hand)
 N - a ring of wizardry (left hand)
Wands
 m - a wand of polymorph (10)
 u - a wand of flame (34)
 v - a wand of random effects (8)
 y - a wand of acid (21)
 D - a wand of paralysis (20)
 F - a wand of iceblast (21)
 L - a wand of scattershot (6)
 O - a wand of digging (5)
Scrolls
 a - 12 scrolls of remove curse
 e - a scroll of teleportation
 f - 6 scrolls of identify
 k - 6 scrolls of magic mapping
 o - 2 scrolls of fear
 x - 5 scrolls of blinking
 G - 4 scrolls of enchant weapon
 H - 2 scrolls of fog
 M - 2 scrolls of amnesia
 T - 3 scrolls of enchant armour
Potions
 g - 2 potions of mutation
 h - 4 potions of lignification
 i - 13 potions of curing
 j - 5 potions of haste
 l - 5 potions of brilliance
 n - 3 potions of magic
 q - a potion of might
 r - 2 potions of agility
 t - a potion of ambrosia
 E - 2 potions of flight
 J - 3 potions of cancellation
 P - a potion of resistance
Comestibles
 c - 16 rations


   Skills:
 + Level 13.3 Fighting
 - Level 10.0 Dodging
 - Level 1.7 Stealth
 + Level 4.7 Shields
 + Level 8.6 Spellcasting
 - Level 5.0 Conjurations
 - Level 1.0 Transmutations
 - Level 12.7 Fire Magic
 - Level 10.0 Earth Magic
 - Level 12.0 Invocations


You had 6 spell levels left.
You knew the following spells:

 Your Spells              Type           Power        Failure   Level  Hunger
a - Sandblast             Erth           #####.       1%          1    None
b - Stone Arrow           Conj/Erth      #####.       1%          3    None
c - Sticky Flame          Conj/Fire      #####...     1%          4    ###....
d - Fireball              Conj/Fire      #####.....   2%          5    #####..
e - Bolt of Fire          Conj/Fire      #####.....   13%         6    ######.
p - Passwall              Tmut/Erth      ####....     1%          2    None
r - Regeneration          Chrm/Necr      #.........   10%         3    None

Your spell library contained the following spells:

 Spells                   Type           Power        Failure   Level  Hunger
 Flame Tongue             Conj/Fire      #####        1%          1    None
 Shock                    Conj/Air       ###.         1%          1    None
 Throw Flame              Conj/Fire      #####.       1%          2    None
 Conjure Flame            Conj/Fire      #####...     1%          3    None
 Inner Flame              Hex/Fire       ####....     1%          3    None
 Lee's Rapid Deconstruct  Erth           #####.....   1%          5    #####..
 Confusing Touch          Hex            #.....       3%          1    None
 Static Discharge         Conj/Air       ###.....     3%          3    None
 Petrify                  Tmut/Erth      ####....     3%          4    ###....
 Corpse Rot               Necr           N/A          4%          2    None
 Swiftness                Chrm/Air       #.......     4%          2    None
 Iskenderun's Mystic Bla  Conj           ####....     4%          4    ###....
 Leda's Liquefaction      Hex/Erth       ####......   4%          4    ###....
 Confuse                  Hex            #.......     10%         3    None
 Gell's Gravitas          Tloc           #.........   10%         3    None
 Portal Projectile        Hex/Tloc       #.....       10%         3    None
 Vampiric Draining        Necr           #.........   10%         3    None
 Lightning Bolt           Conj/Air       ###.......   30%         5    #####..
 Airstrike                Air            #.........   32%         4    ###....
 Yara's Violent Unravell  Hex/Tmut       ##........   56%         5    #####..
 Agony                    Necr           #.......     63%         5    #####..
 Metabolic Englaciation   Hex/Ice        #.........   63%         5    #####..
 Summon Forest            Summ/Tloc      #.........   63%         5    #####..
 Bolt of Cold             Conj/Ice       ###.......   83%         6    ######.
 Hydra Form               Tmut           ##........   95%         6    ######.
 Death Channel            Necr           #.........   99%         6    ######.
 Simulacrum               Ice/Necr       #.........   99%         6    ######.
 Summon Hydra             Summ           #.........   100%        7    #######


Dungeon Overview and Level Annotations

Branches:
Dungeon (15/15)            Temple (1/1) D:5            Lair (6/6) D:11
  Swamp (0/4) Lair:3        Snake (0/4) Lair:3        Slime (0/5) Lair:5
    Orc (0/2) D:11         Vaults (0/5) D:13
 Depths: D:15

Altars:
Ashenzari
Cheibriados
Dithmenos
Elyvilon
Fedhas
Gozag
Hepliaklqana
Kikubaaqudgha
Makhleb
Nemelex Xobeh
Okawaru
Qazlal
Ru
Sif Muna
Trog
Uskayaw
Vehumet
Wu Jian
Xom
Yredelemnul
Zin
The Shining One

Shops:
D:5 %

Annotations:
D:4 3 runed translucent doors, kkknotok's ghost, amateur FeMo
Lair:2 Rupert
Lair:3 exclusion: oklob plant
Lair:6 2 transporters, Toftenius's ghost, journeyman DrCj


Innate Abilities, Weirdness & Mutations

You can breathe blasts of fire.
Your fiery red scales are hard. (AC +8)
You cannot fit into any form of body armour.
Your flesh is heat resistant. (rF+)
You are cold-blooded and may be slowed by cold attacks.


Message History

You feel sick. The green very ugly thing engulfs you!
* * * LOW HITPOINT WARNING * * *
You are lethally poisoned!
The green very ugly thing poisons you! The meliai misses you.
The meliai barely misses you. You block the centaur warrior's attack.
A mysterious force pulls you upwards. The hatch slams shut behind you.
* * * LOW HITPOINT WARNING * * *
You feel extremely sick.
Blink to where?
Press: ? - help, Dir - move target cursor You are very lightly contaminated with residual magic.
As you read the scroll of blinking, it crumbles to dust.
* * * LOW HITPOINT WARNING * * *
You feel extremely sick.
The centaur warrior wields a +0 longbow.
The centaur warrior shoots an arrow.
The arrow barely misses you.
As you read the scroll of fog, it crumbles to dust.
The scroll dissolves into smoke.
You have got your breath back.
You die...

#...##..........##....
#.....................
#.........##....†.....
#.........##..........
#.........##..........
#...##....##.†..##....
#...####..##..######..
#...§§##########..####
#...§@§.######......##
#...§§§§..##..........
#......[).......#.....
#.....#+........#.....
#.###........####....#
#............####....#
#...........c#..#.#..#
#..........u§#..#.#..#
#............#..#....#


You could see a green very ugly thing and a centaur warrior.

Vanquished Creatures
  Jorgrun (D:12)
  Gastronok (D:11)
  Kirke (Lair:5)
  8 vault guards (D:13)
  5 hydras
  3 centaur warriors
  Erica (Lair:1)
  2 catoblepae
  A deep troll shaman (Lair:6)
  7 death yaks
  3 two-headed ogres
  A tengu warrior (D:15)
  An unseen horror (D:14)
  Pikel (D:7)
  An orc knight (D:12)
  2 cyclopes
  An ugly thing (D:12)
  A deep elf mage (D:12)
  5 elephants (Lair:6)
  A manticore (D:13)
  8 black mambas
  3 centaur skeletons (D:14)
  11 spiny frogs
  2 rime drakes
  A kobold demonologist (D:11)
  A gargoyle (D:13)
  2 freezing wraiths
  7 komodo dragons
  A tengu conjurer (D:14)
  4 polar bears
  5 meliai
  A jumping spider (Lair:1)
  5 trolls
  Grinder (D:3)
  2 bog bodies (Lair:3)
  Prince Ribbit (Lair:2)
  2 hornets
  8 hippogriffs
  13 blink frogs
  A meliai zombie (D:15)
  A shadow (D:11)
  2 wraiths
  3 wyverns
  26 yaks
  A vampire (D:12)
  3 hogs (Lair:5)
  3 hungry ghosts
  3 basilisks
  A steam dragon (D:13)
  5 vampire mosquitoes
  12 water moccasins
  2 swamp worms (Lair:3)
  6 porcupines
  8 orc warriors
  7 sky beasts
  A black bear (D:7)
  6 ice beasts
  A slave (D:6)
  A hornet zombie (D:5)
  2 eyes of draining
  A phantom (D:11)
  2 necrophages
  9 wolves
  6 ogres
  6 centaurs
  5 crocodiles
  4 big kobolds
  15 bullfrogs
  2 gnoll sergeants
  A wyvern skeleton (D:13)
  5 scorpions
  48 killer bees (Lair:5)
  3 wights (D:3)
  5 howler monkeys
  An electric eel (Lair:3)
  A bullfrog zombie (D:13)
  4 crimson imps
  2 centaur zombies
  A quasit (D:13)
  6 hounds
  6 jellies
  3 bullfrog skeletons
  12 orc priests
  3 gnoll shamans
  14 orc wizards
  7 iguanas
  6 worker ants
  A hound zombie (D:6)
  3 hound skeletons
  3 worker ant zombies
  25 gnolls
  17 adders
  10 river rats (D:6)
  4 shadow imps
  4 adder skeletons
  4 worms
  7 leopard geckos
  52 orcs
  10 giant cockroaches
  4 goblins
  5 hobgoblins
  5 jackals
  10 quokkas
  4 ball pythons (Lair:3)
  3 bats
  6 frilled lizards
  25 kobolds
  A quokka zombie (D:5)
  21 rats
622 creatures vanquished.

Vanquished Creatures (others)
  A slave (D:7)
  A jelly (D:7)
  2 bushes
  23 fungi
  29 plants
56 creatures vanquished.

Grand Total: 678 creatures vanquished

Notes
Turn   | Place    | Note
-------+----------+-------------------------------------------
     0 | D:1      | D1HalberdGnoll the Draconian Earth Elementalist began the
                  | quest for the Orb.
     0 | D:1      | Reached XP level 1. HP: 14/14 MP: 3/3
   513 | D:1      | Reached XP level 2. HP: 22/22 MP: 3/5
   938 | D:2      | Reached skill level 1 in Fighting
   938 | D:2      | Reached XP level 3. HP: 28/28 MP: 1/6
  1756 | D:2      | Learned a level 3 spell: Stone Arrow
  1780 | D:3      | Noticed Terence
  1841 | D:3      | Reached XP level 4. HP: 35/35 MP: 3/7
  2094 | D:3      | Noticed Terence
  2094 | D:3      | Terence changed into Terence the howler monkey
  2098 | D:3      | Killed Terence the howler monkey
  2098 | D:3      | Reached skill level 2 in Fighting
  2178 | D:3      | Reached XP level 5. HP: 41/41 MP: 5/9
  2277 | D:3      | Learned a level 2 spell: Passwall
  2360 | D:3      | Noticed Grinder
  2383 | D:3      | Killed Grinder
  2383 | D:3      | Reached skill level 5 in Earth Magic
  2383 | D:3      | Reached XP level 6. HP: 23/50 MP: 0/10
  2765 | D:3      | Found a blossoming altar of Fedhas.
  2905 | D:3      | Reached skill level 3 in Fighting
  3149 | D:3      | Your scales start taking on a fiery red colour.
  3149 | D:3      | Reached XP level 7. HP: 56/57 MP: 8/12
  3149 | D:3      | Gained mutation: Your flesh is heat resistant. (rF+) [Red
                  | Draconian growth]
  3981 | D:4      | Reached skill level 4 in Fighting
  4280 | D:4      | Found a runed translucent gate.
  4281 | D:4      | Found a runed translucent gate.
  4282 | D:4      | Found a runed translucent gate.
  4282 | D:4      | Noticed kkknotok's ghost (amateur FeMo)
  4673 | D:5      | Entered Level 5 of the Dungeon
  4690 | D:5      | Reached XP level 8. HP: 33/66 MP: 4/14
  4822 | D:5      | Reached skill level 1 in Conjurations
  4885 | D:5      | Got a polished buckler
  4891 | D:5      | Identified the cursed +0 buckler of the Beginning {rF+ rC+
                  | Dex-2} (You found it on level 5 of the Dungeon)
  5042 | D:5      | Found Powiopej's Food Emporium.
  5155 | D:5      | Reached skill level 1 in Shields
  5396 | D:5      | Found a glowing golden altar of the Shining One.
  5830 | D:5      | Found a staircase to the Ecumenical Temple.
  5878 | Temple   | Entered the Ecumenical Temple
  6038 | Temple   | Became a worshipper of Sif Muna the Loreminder
  6608 | D:5      | Reached skill level 1 in Invocations
  7053 | D:6      | Reached skill level 5 in Fighting
  7608 | D:6      | Reached * piety under Sif Muna
  7638 | D:6      | Reached XP level 9. HP: 69/74 MP: 2/16
  8048 | D:7      | Reached ** piety under Sif Muna
  8261 | D:7      | Reached skill level 5 in Spellcasting
  8664 | D:7      | Reached skill level 5 in Dodging
  9130 | D:7      | Noticed Pikel
  9143 | D:7      | Killed Pikel
  9285 | D:7      | Reached skill level 6 in Fighting
  9540 | D:8      | Noticed a two-headed ogre
  9584 | D:7      | Killed a two-headed ogre
  9584 | D:7      | Reached XP level 10. HP: 53/83 MP: 0/18
 10015 | D:8      | Found a stormy altar of Qazlal.
 10615 | D:9      | Reached *** piety under Sif Muna
 10963 | D:9      | Reached skill level 5 in Conjurations
 11461 | D:9      | Reached skill level 7 in Fighting
 11783 | D:9      | Reached skill level 5 in Invocations
 11936 | D:10     | Entered Level 10 of the Dungeon
 11955 | D:9      | Reached skill level 10 in Earth Magic
 13197 | D:10     | Reached XP level 11. HP: 91/91 MP: 13/20
 13201 | D:10     | Reached **** piety under Sif Muna
 13703 | D:11     | Found a staircase to the Orcish Mines.
 14201 | D:11     | Reached skill level 8 in Fighting
 15287 | D:11     | Found a staircase to the Lair.
 15291 | D:11     | Noticed Gastronok
 15325 | D:11     | Killed Gastronok
 15325 | D:11     | Reached skill level 9 in Fighting
 15602 | Lair:1   | Entered Level 1 of the Lair of Beasts
 15602 | Lair:1   | Noticed Erica
 15606 | Lair:1   | Killed Erica
 16251 | Lair:1   | Noticed Urug
 16253 | Lair:1   | Noticed Urug
 16253 | Lair:1   | Urug changed into Urug the jumping spider
 16263 | Lair:1   | Killed Urug the jumping spider
 17067 | Lair:2   | Noticed Prince Ribbit
 17073 | Lair:2   | Reached XP level 12. HP: 94/105 MP: 10/21
 17074 | Lair:2   | Killed Prince Ribbit
 17074 | Lair:2   | Reached skill level 10 in Fighting
 17236 | Lair:2   | Found a radiant altar of Vehumet.
 17609 | Lair:2   | Learned a level 4 spell: Sticky Flame
 17632 | Lair:3   | Reached skill level 1 in Fire Magic
 18116 | Lair:3   | Found a staircase to the Snake Pit.
 18339 | Lair:3   | Reached ***** piety under Sif Muna
 18548 | Lair:3   | Noticed Rupert
 18612 | Lair:3   | Reached skill level 5 in Fire Magic
 18625 | Lair:3   | Identified Sif Muna's Disquisition on Warped Combat Magic
                  | (Sif Muna gifted it to you on level 3 of the Lair of
                  | Beasts)
 18625 | Lair:3   | Received a gift from Sif Muna
 19007 | Lair:2   | Upgraded the game from 0.25-a0-94-g9e23508adf to
                  | 0.25-a0-96-g4073cf80fb
 19013 | Lair:2   | Learned a level 5 spell: Fireball
 19809 | Lair:3   | Found a staircase to the Swamp.
 20147 | Lair:4   | Got a warped dagger
 20148 | Lair:4   | Identified the +4 dagger "Ycieh" {pierce, *Corrode rPois
                  | Str+2} (You found it on level 4 of the Lair of Beasts)
 20151 | Lair:4   | Noticed a death yak
 20151 | Lair:4   | Noticed a death yak
 20177 | Lair:3   | Killed a death yak
 20177 | Lair:3   | Reached skill level 11 in Fighting
 20422 | Lair:3   | Killed a death yak
 20422 | Lair:3   | Reached skill level 10 in Invocations
 21903 | Lair:5   | Reached XP level 13. HP: 78/115 MP: 3/22
 22512 | Lair:5   | Noticed Kirke
 22796 | Lair:5   | Killed Kirke
 23369 | Lair:5   | Found a staircase to the Slime Pits.
 24643 | Lair:6   | Entered Level 6 of the Lair of Beasts
 25315 | Lair:6   | Reached skill level 10 in Fire Magic
 25760 | Lair:6   | Reached skill level 12 in Fighting
 25760 | Lair:6   | Reached skill level 10 in Dodging
 25804 | Lair:6   | Noticed Toftenius's ghost (journeyman DrCj)
 25805 | Lair:6   | Found a transporter.
 25823 | Lair:6   | Found a transporter.
 25857 | Lair:6   | Identified Sif Muna's Reference Book on Black Rituals (Sif
                  | Muna gifted it to you on level 6 of the Lair of Beasts)
 25857 | Lair:6   | Received a gift from Sif Muna
 25961 | Lair:6   | Learned a level 3 spell: Regeneration
 25968 | Lair:6   | Learned a level 6 spell: Bolt of Fire
 27254 | Lair:6   | Reached XP level 14. HP: 36/125 MP: 3/24
 28306 | D:12     | Noticed Jorgrun
 28321 | D:12     | Killed Jorgrun
 30609 | D:13     | Noticed Sonja
 30636 | D:13     | Noticed Sonja
 30636 | D:13     | Sonja changed into Sonja the sky beast
 30643 | D:13     | Killed Sonja the sky beast
 31447 | D:13     | Found a gate to the Vaults.
 31531 | D:13     | Reached skill level 13 in Fighting
 33894 | D:14     | Identified a scroll of acquirement
 33895 | D:14     | Got a warped hat
 33906 | D:14     | Identified the +2 hat of Trog's Generosity {+Fly Str+4
                  | SInv} (You acquired it on level 14 of the Dungeon)
 33932 | D:15     | Entered Level 15 of the Dungeon
 34124 | D:15     | Noticed a green very ugly thing
 34143 | D:14     | HP: 5/128 [poisoned by a green very ugly thing]
 34144 | D:14     | Succumbed to a green very ugly thing's poison

Levels and vault maps discovered:
D:1:      onia_arrival_mini_spirals, layout_loops_cross, minivault_5
D:2:      layout_rooms, minmay_goblin_kobold_house
D:3:      layout_loops_ring, fedhas_altar_2, uniq_grinder, uniq_terence
D:4:      layout_loops_ring, gammafunk_ghost_nasty_kobolds, first_ration
D:5:      layout_cave_pods, minmay_temple_entry_butterflies, serial_shops, shop,
          kennysheep_doodads, tso_metal_star
D:6:      lemuel_ratsnest, layout_loops_ring
D:7:      layout_gridville, grunt_ogre_cave, uniq_pikel
D:8:      layout_gridville, nicolae_qazlal_style_of_elements
D:9:      layout_stronghold
D:10:     layout_irregular_city
D:11:     layout_basic, erik_lair_island, orc_0_dummy, serial_curves,
          eino_curves_04, eino_curves_02, uniq_gastronok
D:12:     kennysheep_room_grid, layout_loops_cross, uniq_jorgrun
D:13:     layout_loops_cross, erik_vaults_2, kennysheep_boxes, uniq_sonja
D:14:     layout_stronghold, nicolae_two_hexagons, hex_tiny,
          minmay_misc_feat_cross
D:15:     grunt_enter_depths_magical_seal, layout_rooms, serial_bayou_pond_a,
          serial_shops, nicolae_shop_statue_plus, hangedman_decor_lopped,
          uniq_roxanne
Temple:   kilobyte_greek_temple
Lair:1:   layout_regular_city, uniq_urug, uniq_erica
Lair:2:   layout_misc_corridors, basic_altar, uniq_prince_ribbit2
Lair:3:   beast_lair_carwin_large_1, layout_cave_pods,
          nicolae_swamp_entry_splash_gauntlet, minmay_snake_entry_six_corridors,
          minmay_lair_oklob_bushes, grunt_megastairs_3, uniq_rupert
Lair:4:   layout_cave_pods, beast_lair_carwin_11
Lair:5:   wad_woods_minihive, layout_cave_pods, slime_dummy,
          beast_lair_carwin_3, uniq_kirke
Lair:6:   grunt_lair_end_beastmaster, layout_small_grid, gammafunk_ghost_arena

Skill      XL: |  1  2  3  4  5  6  7  8  9 10 11 12 13 14 |
---------------+-------------------------------------------+-----
Dodging        | 2 3 4 5 8 9 10 | 10.0
Fighting       | 1 2 3 4 5 6 7 9 11 12 13 | 13.3
Earth Magic    | 4 5 6 7 9 10 | 10.0
Spellcasting   | 3 4 5 6 7 8 |  8.6
Conjurations   | 2 4 5 |  5.0
Shields        | 2 3 4 |  4.7
Invocations    | 1 3 5 8 10 11 12 | 12.0
Fire Magic     | 7 10 12 | 12.7
Stealth        | |  1.7
Transmutations | |  1.0

Action                   |  1- 3 |  4- 6 |  7- 9 | 10-12 | 13-15 || total
-------------------------+-------+-------+-------+-------+-------++-------
Melee: Unarmed           |     6 |       |       |       |       ||     6
       Club              |     4 |       |       |       |       ||     4
       Short sword       |       |     3 |   361 |   197 |       ||   561
       Tailslap          |       |       |    31 |    36 |    62 ||   129
       Dagger            |       |       |       |    29 |   508 ||   537
Throw: Stone             |       |       |       |       |     1 ||     1
 Cast: Sandblast         |    55 |    44 |    98 |   264 |    80 ||   541
       Stone Arrow       |       |       |    66 |   137 |    87 ||   290
       Sticky Flame      |       |       |       |    13 |   172 ||   185
       Fireball          |       |       |       |       |    40 ||    40
       Regeneration      |       |       |       |       |     2 ||     2
Invok: Channel Magic     |       |       |       |       |    14 ||    14
 Abil: Breathe Fire      |       |       |    21 |    18 |    36 ||    75
Evoke: Wand              |     1 |     1 |     2 |    19 |     3 ||    26
  Use: Scroll            |       |       |    16 |     8 |    19 ||    43
 Stab: Sleeping          |       |       |     2 |       |     1 ||     3
       Petrified         |       |       |       |       |     7 ||     7
  Eat: Chunk             |     4 |     3 |    18 |    23 |    43 ||    91
       Ration            |       |       |     3 |     8 |    14 ||    25
Armor: Skin              |     6 |     6 |   140 |   134 |   279 ||   565
Dodge: Dodged            |    17 |    17 |   275 |   292 |   615 ||  1216
Block: Buckler           |       |       |    58 |   100 |   172 ||   330

Table legend:
 A = Non-vault XP
 B = Vault XP
 C = Vault XP percentage of total XP
 D = Non-vault monster count
 E = Vault monster count
 F = Vault count percentage of total count
                 A         B        C        D         E       F
            +---------+---------+-------+---------+---------+-------
      Total |   51053 |   47998 |  48.5 |     424 |     197 |  31.7
            +---------+---------+-------+---------+---------+-------
        D:1 |      13 |       0 |   0.0 |      10 |       0 |   0.0
        D:2 |     186 |       8 |   4.1 |      22 |       6 |  21.4
        D:3 |     452 |     329 |  42.1 |      29 |       2 |   6.5
        D:4 |     362 |       0 |   0.0 |      21 |       0 |   0.0
        D:5 |    1100 |       0 |   0.0 |      40 |       0 |   0.0
        D:6 |     540 |     160 |  22.9 |      11 |      31 |  73.8
        D:7 |    1975 |     750 |  27.5 |      28 |       2 |   6.7
        D:8 |    1326 |       0 |   0.0 |      13 |       0 |   0.0
        D:9 |    2495 |       0 |   0.0 |      32 |       0 |   0.0
       D:10 |    1698 |       0 |   0.0 |      34 |       0 |   0.0
       D:11 |    3940 |    3249 |  45.2 |      34 |      10 |  22.7
       D:12 |    2929 |    6055 |  67.4 |      19 |      13 |  40.6
       D:13 |    5127 |    8076 |  61.2 |      29 |       9 |  23.7
       D:14 |    5801 |       0 |   0.0 |      22 |       0 |   0.0
       D:15 |    2127 |       0 |   0.0 |       8 |       0 |   0.0
     Lair:1 |    1635 |    1218 |  42.7 |       8 |       2 |  20.0
     Lair:2 |    1744 |    1330 |  43.3 |       6 |       5 |  45.5
     Lair:3 |    3030 |    7589 |  71.5 |      12 |      36 |  75.0
     Lair:4 |     478 |    1881 |  79.7 |       3 |       5 |  62.5
     Lair:5 |    7667 |    6839 |  47.1 |      24 |      57 |  70.4
     Lair:6 |    6428 |   10514 |  62.1 |      19 |      19 |  50.0
            +---------+---------+-------+---------+---------+-------
